 Dungeon Crawl Stone Soup version 0.27-a0-1140-g099f9bb0e8 (webtiles) character file.

Game seed: 7190092675113861118

767 voltaire321 the Sneak (level 8, -4/66 HPs)
             Began as a Kobold Enchanter on May 8, 2021.
             Slain by an adder (5 damage)
             ... in a sewer.
             The game lasted 00:15:25 (5599 turns).

voltaire321 the Sneak (Kobold Enchanter)            Turns: 5599, Time: 00:15:26

Health: -4/66      AC:  4    Str:  6    XL:     8   Next: 8%
Magic:  14/14      EV: 13    Int: 16    God:
Gold:   214        SH:  5    Dex: 17    Spells: 9/15 levels left

rFire    . . .     SeeInvis .   a - +1 dagger (elec)
rCold    . . .     Faith    .   (shield restricted)
rNeg     . . .     Spirit   .   b - +0 robe
rPois    .         Reflect  +   (no helmet)
rElec    .         Harm     .   (no cloak)
rCorr    .         Rampage  .   f - +1 pair of gloves
Will     .....                  (no boots)
Stlth    ..........             k - amulet of reflection
HPRegen  0.21/turn              (no ring)
MPRegen  0.14/turn              (no ring)

@: berserking, constricted, slow
A: small, no large weapons, nightstalker 3
a: no special abilities


You were in a sewer.
You visited 2 branches of the dungeon, and saw 6 of its levels.
You also visited: Sewer.

You collected 214 gold pieces.

Inventory:

Hand Weapons
 a - a +1 dagger of electrocution (weapon)
 h - a +0 rapier
Missiles
 c - 33 poisoned darts
Armour
 b - a +0 robe (worn)
 f - a +1 pair of gloves (worn)
Jewellery
 e - a ring of flight
 g - an amulet of magic regeneration
 k - an amulet of reflection (around neck)
Wands
 i - a wand of polymorph (9)
 j - a wand of flame (14)
Scrolls
 m - a scroll of brand weapon
 p - 3 scrolls of teleportation {unknown}
 t - a scroll of blinking {unknown}
 u - a scroll of magic mapping {unknown}
Potions
 d - a potion of lignification
 n - 2 potions of might {unknown}
 o - 3 potions of magic {unknown}
 q - 2 potions of invisibility {unknown}
 r - a potion of brilliance
 s - a potion of heal wounds {unknown}


   Skills:
 + Level 2.2 Fighting
 + Level 3.3 Short Blades
 + Level 3.6 Dodging
 + Level 6.5 Stealth
 + Level 4.2 Spellcasting
 + Level 4.7 Hexes
 + Level 3.3 Ice Magic


You had 9 spell levels left.
You knew the following spells:

 Your Spells              Type           Power      Damage    Failure   Level
a - Corona                Hex            20%        N/A       2%          1
b - Ensorcelled Hibernat  Hex/Ice        32%        N/A       4%          2
c - Tukima's Dance        Hex            18%        N/A       7%          3

Your spell library contained the following spells:

 Spells                   Type           Power      Damage    Failure   Level
 Confusing Touch          Hex            18%        N/A       7%          3
 Dazzling Flash           Conj/Hex       20%        N/A       19%         3


Dungeon Overview and Level Annotations

Branches:
Dungeon (5/15)             Temple (1/1) D:4           Sewer (1/1)

Altars:
Ashenzari
Cheibriados
Elyvilon
Fedhas
Hepliaklqana
Kikubaaqudgha
Makhleb
Nemelex Xobeh
Ru
Sif Muna
Trog
Uskayaw
Vehumet
Wu Jian
Yredelemnul
Zin
The Shining One

Shops:
D:3 !   D:4 [   D:5 *


Innate Abilities, Weirdness & Mutations

You are small and have problems with some larger weapons.
You are completely attuned to the shadows.


Message History

You block the ball python's attack.
You closely miss the bullfrog.
The bullfrog is moderately wounded.
The adder bites you.
* * * LOW HITPOINT WARNING * * *
The ball python closely misses you. The bullfrog hits you.
* * * LOW HITPOINT WARNING * * *
The adder misses you. The ball python bites you.
* * * LOW HITPOINT WARNING * * *
You block the ball python's attack. The ball python constricts you.
Your unstable footing causes you to fumble your attack.
You feel sick. The bullfrog misses you. The ball python bites you.
* * * LOW HITPOINT WARNING * * *
The adder bites you but does no damage. The adder completely misses you.
You block the ball python's attack.
The frilled lizard bites you but does no damage.
The ball python barely misses you.
* * * LOW HITPOINT WARNING * * *
The ball python constricts you. The ball python misses you.
Your unstable footing causes you to fumble your attack.
The bullfrog closely misses you.
The ball python bites you but does no damage.
The adder bites you but does no damage. You block the adder's attack.
The ball python misses you.
You barely miss the bullfrog.
The bullfrog is moderately wounded.
You feel sick.
You are no longer poisoned.
You block the ball python's attack. The bullfrog hits you.
* * * LOW HITPOINT WARNING * * *
The frilled lizard bites you.
* * * LOW HITPOINT WARNING * * *
The ball python barely misses you. The ball python constricts you.
The adder closely misses you.
You puncture the bullfrog!
The bullfrog is severely wounded.
The ball python bites you.
* * * LOW HITPOINT WARNING * * *
The ball python barely misses you. The adder bites you.
You die...

##### ####...####
####.........####
##...............##
#.†.....#.........#
##......##'##......##
#....†.###..##......#
#..≈†≈## #..###lSS.##
#≈≈†≈≈≈# #####≈S@S≈≈#
#≈≈†≈≈≈# #≈SSF≈≈#
#≈≈≈≈≈≈# #≈≈S≈≈≈#
#≈≈≈≈≈≈# #≈≈≈≈≈≈#
#≈≈≈≈≈≈# #≈≈≈≈≈≈#
#≈..≈≈≈# #≈≈≈≈#≈#
#≈.).≈≈# #≈≈≈#≈≈#
#≈≈...≈# #≈≈≈≈S≈#
#≈≈≈≈≈≈# #≈≈≈≈.≈#


You could see a bullfrog, 2 adders, 5 ball pythons and a frilled lizard.

Vanquished Creatures
  A black bear (D:4)
  A necrophage (D:3)
  2 ogres (D:5)
  An orc priest (D:4)
  3 hounds (D:5)
  A bullfrog skeleton (D:4)
  Natasha (thrice) (D:2)
  Ijyb (D:3)
  5 adders
  A river rat (Sewer)
  2 ufetubi (D:5)
  3 worms (D:2)
  2 dart slugs
  4 orcs
  17 ball pythons
  7 endoplasms
  2 giant cockroaches
  4 goblins
  7 hobgoblins
  7 jackals
  2 quokkas
  5 bats
  2 frilled lizards
  A kobold (D:1)
  36 rats
120 creatures vanquished.

Notes
Turn   | Place    | Note
-------+----------+-------------------------------------------
     0 | D:1      | voltaire321 the Kobold Enchanter began the quest for the
                  | Orb.
     0 | D:1      | Reached XP level 1. HP: 10/10 MP: 3/3
   350 | D:1      | Reached XP level 2. HP: 15/15 MP: 5/5
   527 | D:1      | Learned a level 2 spell: Ensorcelled Hibernation
   718 | D:1      | Reached XP level 3. HP: 20/20 MP: 6/6
   782 | D:1      | Learned a level 3 spell: Tukima's Dance
  1057 | D:2      | Noticed Natasha
  1062 | D:2      | Killed Natasha
  1063 | D:2      | Reached skill level 1 in Ice Magic
  1063 | D:2      | Reached XP level 4. HP: 24/24 MP: 6/8
  1662 | D:2      | Noticed Natasha
  1666 | D:2      | Killed Natasha
  1667 | D:2      | Reached skill level 5 in Stealth
  1667 | D:2      | Reached XP level 5. HP: 28/28 MP: 4/9
  1709 | D:2      | Found a faded altar of an unknown god.
  1927 | D:2      | Noticed Natasha
  1937 | D:2      | Killed Natasha
  2061 | D:3      | You fall into a shaft and drop 1 floor!
  2080 | D:4      | Noticed a necrophage
  2137 | D:3      | Killed a necrophage
  2138 | D:3      | Reached XP level 6. HP: 16/33 MP: 9/11
  2323 | D:3      | Found Eskiabit's Distillery.
  2450 | D:3      | Found a broken altar of Ashenzari.
  2594 | D:3      | Noticed Ijyb
  2607 | D:3      | Killed Ijyb
  3483 | D:4      | Noticed a black bear
  3488 | D:4      | Killed a black bear
  3489 | D:4      | Reached skill level 1 in Fighting
  3489 | D:4      | Reached skill level 6 in Stealth
  3489 | D:4      | Reached XP level 7. HP: 30/38 MP: 9/12
  3620 | D:4      | Found Fiewk's Armour Boutique.
  3643 | D:4      | Found a basalt altar of Yredelemnul.
  4250 | D:4      | Found a staircase to the Ecumenical Temple.
  4256 | Temple   | Entered the Ecumenical Temple
  4636 | D:5      | Entered Level 5 of the Dungeon
  4802 | D:5      | Found a white marble altar of Elyvilon.
  4852 | D:5      | Found Nayfiudo's General Store.
  4884 | D:5      | Found a sacrificial altar of Ru.
  4981 | D:5      | Reached XP level 8. HP: 41/44 MP: 14/14
  5122 | D:5      | Found a glowing drain.
  5126 | Sewer    | Entered a sewer
  5599 | Sewer    | HP: 1/66 [ball python (3)]
  5599 | Sewer    | Slain by an adder

Illustrated notes

Levels and vault maps discovered:
D:1:      minmay_arrival_open_corners, layout_basic, corner_web_ring,
          minmay_misc_feat_columns
D:2:      layout_rooms, hellmonk_ecumenical_altar_heavens_door, uniq_natasha
D:3:      layout_basic, ashenzari_altar_1, serial_shops, nicolae_shop_trees,
          minmay_misc_feat_room, uniq_ijyb
D:4:      layout_basic, old_standard_altar, minmay_temple_entry_grid,
          serial_shops, kennysheep_little_box
D:5:      layout_cave_pools, elyvilon_altar_1, amcnicky_altar_gilded,
          gup_sewer_entry_bowl, serial_shops, shop
Temple:   nicolae_temple_figure_eight
Sewer:    sewer_minmay_w

Skill      XL: |  1  2  3  4  5  6  7 |
---------------+----------------------+-----
Short Blades   | 2 3 |  3.3
Ice Magic      | 1 2 3 |  3.3
Stealth        | 5 6 |  6.5
Spellcasting   | 3 4 |  4.2
Hexes          | 4 |  4.7
Fighting       | 1 2 |  2.2
Dodging        | 3 |  3.6

Action                   |  1- 3 |  4- 6 |  7- 9 || total
-------------------------+-------+-------+-------++-------
Melee: Dagger            |    67 |    72 |   154 ||   293
 Cast: Corona            |     9 |       |     3 ||    12
       Ensorcelled Hiber |       |    15 |    13 ||    28
  Use: Scroll            |       |     3 |     3 ||     6
       Potion            |       |       |     1 ||     1
 Stab: Sleeping          |    18 |    22 |    16 ||    56
Armor: Robe              |     4 |     8 |    30 ||    42
Dodge: Dodged            |    51 |    48 |   156 ||   255
Block: Other             |       |     4 |    57 ||    61

Table legend: (Time is in decaauts)
 A = Elapsed time spent in this place.
 B = Non-inter-level travel time spent in this place.
 C = Inter-level travel time spent in this place.
 D = Time resting spent in this place.
 E = Time spent auto-exploring this place.
 F = Levels seen in this place.
 G = Mean time per level.
                   A        B        C        D        E       F      G
               +--------+--------+--------+--------+--------+-----+--------+
         Total |   5635 |   5489 |    146 |   1437 |   2986 |   7 |  805.0 |
       Dungeon |   4880 |   4734 |    146 |   1321 |   2714 |   5 |  976.0 |
        Temple |    230 |    230 |      0 |      0 |    190 |   1 |  230.0 |
         Sewer |    523 |    523 |      0 |    116 |     82 |   1 |  523.0 |
               +--------+--------+--------+--------+--------+-----+--------+

Top non-repeatable levels by time:
     D:3: 1413 daAuts
     D:1: 1051 daAuts
     D:4: 989 daAuts
     D:2: 935 daAuts
   Sewer: 523 daAuts
     D:5: 490 daAuts
  Temple: 230 daAuts
